 Dungeon Crawl Stone Soup version 0.31-a0-692-gf03d1854d5 (webtiles) character file.

Game seed: 14222846786910333498

6 Essalna the Conjurer (level 1, 0/13 HPs)
             Began as a Demonspawn Conjurer on Sept 7, 2023.
             Slain by a quokka (4 damage)
             ... on level 1 of the Dungeon.
             The game lasted 00:00:16 (186 turns).

Essalna the Conjurer (Demonspawn Conjurer)           Turns: 186, Time: 00:00:16

Health: 0/13       AC:  2    Str:  7    XL:     1   Next: 75%
Magic:  1/3        EV:  9    Int: 19    God:
Gold:   0          SH:  0    Dex: 11    Spells: 3/4 levels left

rFire   . . .        (no weapon)
rCold   . . .        (no shield)
rNeg    . . .        a - +0 robe
rPois   .            (no helmet)
rElec   .            (no cloak)
rCorr   .            (no gloves)
SInv    .            (no boots)
Will    .....        (no amulet)
Stlth   ++           (no ring)
HPRegen 0.22/turn    (no ring)
MPRegen 0.08/turn

%: no passive effects
@: constricted
A: no striking features
a: no special abilities


You were on level 1 of the Dungeon.
You visited 1 branch of the dungeon, and saw 1 of its levels.

Inventory:

Armour
 a - a +0 robe (worn)
Potions
 b - a potion of magic


   Skills:
 - Level 1.7 Dodging
 - Level 1.7 Stealth
 + Level 2.2 Spellcasting
 + Level 4.1 Conjurations


You had 3 spell levels left.
You knew the following spells:

 Your Spells              Type           Power      Damage    Failure   Level
a - Magic Dart            Conj           72%        1d6       3%          1

Your spell library contained the following spells:

 Spells                   Type           Power      Damage    Failure   Level
 Searing Ray              Conj           36%        2d5       4%          2
 Dazzling Flash           Conj/Hex       20%        N/A       22%         3
 Fulminant Prism          Conj/Hex       5%         3d7       56%         4
 Iskenderun's Mystic Bla  Conj/Tloc      10%        2d4       56%         4


Dungeon Overview and Level Annotations

Branches:
Dungeon (1/15)

Altars:


Message History

The magic dart hits the endoplasm.
You kill the endoplasm!
You can't see any susceptible monsters within range! (Use Z to cast anyway.)
You can't see any susceptible monsters within range! (Use Z to cast anyway.)
Found a stone staircase leading down.
A hobgoblin comes into view.
The magic dart hits the hobgoblin.
The hobgoblin is severely wounded.
The hobgoblin shouts!
A quokka comes into view.
The magic dart hits the hobgoblin.
You kill the hobgoblin!
The magic dart hits the quokka.
The quokka is almost dead.
You are out of magic!
You are out of magic!
You are out of magic!
You are out of magic!
A quokka is nearby!
A ball python comes into view.
The quokka bites you. The quokka bites you. The quokka completely misses you.
You closely miss the quokka.
The quokka is almost dead.
The quokka closely misses you.
You miss the quokka.
The quokka is almost dead.
The quokka bites you. The ball python misses you.
The ball python barely misses you. The quokka barely misses you.
You barely miss the quokka.
The quokka is almost dead.
The ball python bites you but does no damage.
The ball python grabs you. The ball python constricts you.
The quokka closely misses you.
You hit the quokka but do no damage.
The quokka is almost dead.
The ball python bites you. The ball python constricts you.
The quokka bites you.
You die...

..#....... ### .....
#........# ....# .....
##..#######....#......
.............#.#......
##..########.#.#......
##.#......#.#..†.....
###.....#..#.#....S...
....#.#....#.#.###+#####
#####.#..#.....r@.......
......≈≈≈~≈≈≈≈≈S##......
#####≈≈≈≈≈~≈≈≈≈≈≈#..####
# ##≈≈≈≈≈≈~≈≈≈≈≈≈≈.... #
#≈≈≈8≈≈~≈≈≈≈≈8≈≈≈.#.# #
#≈≈≈≈≈~≈≈≈≈≈≈≈≈≈≈...# #
#≈≈≈≈≈~≈≈≈...≈≈≈≈... #
#≈≈≈≈≈~≈≈.≈≈≈.≈≈.... #
#≈≈≈≈≈≈~>.≈≈≈≈..≈


You could see a quokka and a ball python.

Vanquished Creatures
  2 endoplasms (D:1)
  2 hobgoblins (D:1)
  A bat (D:1)
5 creatures vanquished.

Notes
Turn   | Place    | Note
-------+----------+-------------------------------------------
     0 | D:1      | Essalna the Demonspawn Conjurer began the quest for the
                  | Orb.
     0 | D:1      | Reached XP level 1. HP: 13/13 MP: 3/3
   186 | D:1      | Slain by a quokka

Illustrated notes

Levels and vault maps discovered:
D:1:      nzn_arrival_water_spiral, layout_basic

Action                     || total
---------------------------++-------
  Melee: Unarmed           ||     4
   Cast: Magic Dart        ||    10
 Armour: Robe              ||     6
  Dodge: Dodged            ||     6

Table legend: (Time is in decaauts)
 A = Elapsed time spent in this place.
 B = Non-inter-level travel time spent in this place.
 C = Inter-level travel time spent in this place.
 D = Time resting spent in this place.
 E = Time spent auto-exploring this place.
 F = Levels seen in this place.
 G = Mean time per level.
                   A        B        C        D        E       F      G
               +--------+--------+--------+--------+--------+-----+--------+
         Total |    186 |    186 |      0 |      0 |    161 |   1 |  186.0 |
       Dungeon |    186 |    186 |      0 |      0 |    161 |   1 |  186.0 |
               +--------+--------+--------+--------+--------+-----+--------+

Top non-repeatable levels by time:
     D:1: 186 daAuts
